 Dungeon Crawl Stone Soup version 0.27.1-1-g398f81649c (webtiles) character file.

Game seed: 8064269388759491462

2490 Gwenloh the Destroyer (level 9, 0/45 HPs)
             Began as a Deep Elf Conjurer on Sept 11, 2021.
             Killed from afar by a steam dragon (22 damage)
             ... with a ball of steam
             ... on level 7 of the Dungeon.
             The game lasted 00:20:03 (8172 turns).

Gwenloh the Destroyer (Deep Elf Conjurer)           Turns: 8172, Time: 00:20:04

Health: 0/45       AC:  3    Str:  4    XL:     9   Next: 27%
Magic:  16/23      EV: 16    Int: 27    God:
Gold:   527        SH:  0    Dex: 19    Spells: 10/24 levels left

rFire    . . .     SeeInvis .   k - +2 dagger (protect)
rCold    + . .     Faith    .   (no shield)
rNeg     . . .     Spirit   .   a - +0 robe
rPois    .         Reflect  .   (no helmet)
rElec    .         Harm     .   (no cloak)
rCorr    .         Rampage  .   s - +0 pair of gloves
Will     .....                  (no boots)
Stlth    +++.......             (no amulet)
HPRegen  0.15/turn              z - +6 ring of dexterity
MPRegen  0.18/turn              i - ring of protection from cold

@: lethally poisoned (0 -> -4)
A: no striking features
a: no special abilities


You were on level 7 of the Dungeon.
You visited 2 branches of the dungeon, and saw 8 of its levels.

You collected 527 gold pieces.

Inventory:

Hand Weapons
 c - a +0 short sword
 k - a +2 dagger of protection (weapon)
Missiles
 u - a throwing net
Armour
 a - a +0 robe (worn)
 s - a +0 pair of gloves (worn)
Magical Staves
 q - a staff of earth
Jewellery
 f - a ring of fire
 i - a ring of protection from cold (right hand)
 r - a ring of see invisible
 z - a +6 ring of dexterity (left hand)
Wands
 y - a wand of paralysis (11)
Scrolls
 b - 6 scrolls of identify {unknown}
 h - a scroll of blinking {unknown}
 l - a scroll of magic mapping {unknown}
 n - 3 scrolls of teleportation {unknown}
 o - a scroll of immolation {unknown}
 v - 2 scrolls of fog {unknown}
 w - 2 scrolls of summoning {unknown}
 A - a scroll of enchant armour {unknown}
Potions
 d - a potion of haste {unknown}
 e - 5 potions of curing {unknown}
 g - 2 potions of invisibility {unknown}
 j - a potion of ambrosia {unknown}
 m - 2 potions of flight {unknown}
 p - 2 potions of brilliance {unknown}
 t - a potion of magic {unknown}
 x - a potion of cancellation {unknown}


   Skills:
 + Level 7.3 Dodging
 - Level 5.0 Stealth
 + Level 8.1 Spellcasting
 * Level 9.9 Conjurations
 + Level 4.4 Hexes


You had 10 spell levels left.
You knew the following spells:

 Your Spells              Type           Power      Damage    Failure   Level
a - Magic Dart            Conj           100%       1d8       1%          1
b - Searing Ray           Conj           100%       3d7       1%          2
c - Dazzling Flash        Conj/Hex       100%       N/A       1%          3
d - Fulminant Prism       Conj/Hex       25%        3d14      2%          4
e - Iskenderun's Mystic   Conj/Tloc      37%        2d9       7%          4

Your spell library contained the following spells:

 Spells                   Type           Power      Damage    Failure   Level
 Corona                   Hex            38%        N/A       1%          1
 Tukima's Dance           Hex            35%        N/A       2%          3
 Ensorcelled Hibernation  Hex/Ice        46%        N/A       3%          2
 Animate Skeleton         Necr           20%        N/A       5%          1
 Apportation              Tloc           20%        N/A       5%          1
 Summon Small Mammal      Summ           40%        N/A       5%          1
 Portal Projectile        Hex/Tloc       46%        N/A       6%          3
 Leda's Liquefaction      Hex/Erth       11%        N/A       21%         4
 Bolt of Magma            Conj/Fire/Erth 14%        4d8       36%         5
 Blade Hands              Tmut           5%         N/A       82%         5
 Excruciating Wounds      Necr           5%         N/A       82%         5
 Statue Form              Tmut/Erth      6%         N/A       100%        6


Dungeon Overview and Level Annotations

Branches:
Dungeon (7/15)             Temple (1/1) D:4

Altars:
Ashenzari
Cheibriados
Dithmenos
Elyvilon
Gozag
Hepliaklqana
Makhleb
Nemelex Xobeh
Okawaru
Ru
Trog
Wu Jian
Xom
Yredelemnul
Zin
The Shining One

Shops:
D:4 [


Message History

Confirm with . or Enter, or press ? or * to list all spells.
Aiming: Searing Ray (safe; 1% risk of failure)
Press: ? - help, Shift-Dir - straight line, f - yak
Aim: a yak (90% to hit)
The searing ray hits the yak!
The yak is moderately wounded. (Press . to maintain the ray.)
The searing ray hits the yak!
The yak is severely wounded.
The searing ray hits the yak!
You kill the yak!
Your Spellcasting skill increases to level 8!
You start resting.
Magic restored.
You see here a yak corpse.
You see here a killer bee corpse.
A killer bee comes into view.
Casting: Searing Ray (safe; 1% risk of failure)
Confirm with . or Enter, or press ? or * to list all spells.
Aiming: Searing Ray (safe; 1% risk of failure)
Press: ? - help, Shift-Dir - straight line, f - killer bee
Aim: a killer bee (wandering, hasn't noticed you, 65% to hit)
The searing ray hits the killer bee.
The killer bee is moderately wounded.
The killer bee buzzes angrily. (Press . to maintain the ray.)
You hear an angry hiss.
The searing ray misses the killer bee.
The killer bee stings you.
The searing ray misses the killer bee.
The killer bee stings you!
You are poisoned.
The killer bee poisons you! The killer bee stings you!
The searing ray hits the killer bee!
You kill the killer bee!
You finish channeling your searing ray.
You feel sick.
Casting: Searing Ray (safe; 1% risk of failure)
Confirm with . or Enter, or press ? or * to list all spells.
The steam dragon is dazzled.
You feel sick. The steam dragon breathes steam at you.
The ball of steam hits you!!
You die...

...<..>...#.# #÷# #.#
###########.# #.# #.#
#.######.#######.#
#o##.......†...#.#
###.##.###†#####.#^###
#......# #.# #.....#
#.#.##.###.# #.#<#.#
#.#.#...##.# #.#...#
###.#...#.@..# #.##..#
#...###..D#### #.....#
#†### #...# #)##.## #.#
##.#.## #.##.# #.#
#.....# #.##.#
#.##...###...# #.##.#
#.##.#.#[#.#.... .....#
#†....o#.#D.....##.####
#..#.........#..##..


You could see a steam dragon (blind, catching breath) and an orc warrior.

Vanquished Creatures
  A yak (D:7)
  3 water moccasins
  An orc warrior (D:7)
  3 necrophages
  2 ogres
  2 centaurs
  A kobold brigand (D:4)
  A gnoll sergeant (D:6)
  4 scorpions
  3 killer bees (D:7)
  A wight (D:4)
  2 howler monkeys
  A bullfrog zombie (D:6)
  An iron imp (D:5)
  A jelly (D:6)
  2 bullfrog skeletons
  An orc priest (D:6)
  A hound (D:4)
  A gnoll shaman (D:5)
  4 iguanas
  Natasha (twice) (D:2)
  4 orc wizards
  A hound skeleton (D:4)
  7 gnolls
  10 adders
  2 adder skeletons (D:4)
  3 dart slugs
  11 orcs (D:6)
  5 bats
  6 endoplasms
  7 giant cockroaches
  7 hobgoblins
  3 jackals (D:1)
  4 kobolds
  3 quokkas (D:3)
  8 ball pythons
  2 frilled lizards
  5 goblins
  8 rats
134 creatures vanquished.

Vanquished Creatures (others)
  5 fulminant prisms
  3 plants (D:7)
8 creatures vanquished.

Grand Total: 142 creatures vanquished

Notes
Turn   | Place    | Note
-------+----------+-------------------------------------------
     0 | D:1      | Gwenloh the Deep Elf Conjurer began the quest for the Orb.
     0 | D:1      | Reached XP level 1. HP: 10/10 MP: 6/6
   285 | D:1      | Reached XP level 2. HP: 15/15 MP: 5/8
   328 | D:1      | Learned a level 2 spell: Searing Ray
   910 | D:1      | Reached XP level 3. HP: 19/19 MP: 8/10
  1035 | D:1      | Found a faded altar of an unknown god.
  1052 | D:2      | Learned a level 3 spell: Dazzling Flash
  1230 | D:2      | Noticed Natasha
  1235 | D:2      | Killed Natasha
  1236 | D:2      | Reached skill level 5 in Conjurations
  1236 | D:2      | Reached XP level 4. HP: 24/24 MP: 2/11
  1363 | D:2      | Noticed Natasha
  1365 | D:2      | Killed Natasha
  2333 | D:3      | Found a large runed translucent door.
  2334 | D:3      | Found a large runed translucent door.
  2352 | D:3      | Reached XP level 5. HP: 28/28 MP: 8/13
  2900 | D:3      | Found a shadowy altar of Dithmenos.
  2910 | D:3      | Found a sparkling altar of Nemelex Xobeh.
  3128 | D:4      | Found Idie's Antique Armour Emporium.
  3212 | D:4      | Reached skill level 6 in Conjurations
  3212 | D:4      | Reached XP level 6. HP: 5/32 MP: 6/15
  3664 | D:4      | Found an opulent altar of Gozag.
  3692 | D:4      | Reached skill level 5 in Spellcasting
  3974 | D:4      | Found a staircase to the Ecumenical Temple.
  3988 | Temple   | Entered the Ecumenical Temple
  4519 | D:4      | Found a white marble altar of Elyvilon.
  4526 | D:4      | Reached XP level 7. HP: 36/36 MP: 9/16
  4659 | D:5      | Entered Level 5 of the Dungeon
  4678 | D:5      | Found a snail-covered altar of Cheibriados.
  4684 | D:5      | Reached skill level 5 in Stealth
  5059 | D:5      | Reached skill level 7 in Conjurations
  5116 | D:5      | Reached skill level 5 in Dodging
  5882 | D:6      | Paralysed by an orc wizard for 5 turns
  5891 | D:6      | Reached skill level 8 in Conjurations
  5910 | D:6      | Reached XP level 8. HP: 29/41 MP: 4/19
  6121 | D:6      | Learned a level 4 spell: Fulminant Prism
  6126 | D:6      | Learned a level 4 spell: Iskenderun's Mystic Blast
  6151 | D:6      | Reached skill level 1 in Hexes
  6581 | D:6      | Found a shimmering altar of Xom.
  6582 | D:6      | Found a hazy altar of Hepliaklqana.
  6583 | D:6      | Noticed a spectral ugly thing
  7041 | D:6      | Reached skill level 9 in Conjurations
  7739 | D:7      | Reached XP level 9. HP: 45/45 MP: 14/22
  8172 | D:7      | Killed from afar by a steam dragon

Illustrated notes

Levels and vault maps discovered:
D:1:      amcnicky_arrival_wind_blow, layout_loops_ring,
          shapermc_ecumenical_altar_mp_urbaneastern, minmay_fountain_box,
          feat_on_display
D:2:      layout_basic, uniq_natasha
D:3:      layout_basic, jmf_multi_god_temple2
D:4:      layout_gridville, kennysheep_mini_moat, overflow_temple_1_default,
          minmay_temple_entry_hall, serial_shops, nicolae_shop_stone,
          minmay_increasing_density
D:5:      layout_cave_pods, slow_altar_1
D:6:      layout_loops_corners, regret_index_temple_of_mockery
D:7:      layout_loops_ring, fedhas_ov_isle_minmay, minmay_fractal_squares_5
Temple:   compressed_dpeg_triangle_lava_temple

Skill      XL: |  1  2  3  4  5  6  7  8  9 |
---------------+----------------------------+-----
Stealth        | 3 4 5 |  5.0
Dodging        | 3 4 5 6 7 |  7.3
Conjurations   | 5 6 8 9 |  9.9
Spellcasting   | 4 5 6 7 8 |  8.1
Hexes          | 3 4 |  4.4

Action                   |  1- 3 |  4- 6 |  7- 9 || total
-------------------------+-------+-------+-------++-------
 Cast: Magic Dart        |    60 |    81 |    81 ||   222
       Searing Ray       |     2 |    19 |    39 ||    60
       Dazzling Flash    |       |     2 |     1 ||     3
       Fulminant Prism   |       |       |     5 ||     5
Armor: Robe              |     1 |       |     1 ||     2
Dodge: Dodged            |     5 |     7 |    11 ||    23
